Flames vs Jets

Created - February 4, 2017 at 10:16

Goals
1 2 3 T
Flames 0 1 0 1
Jets 4 0 0 4
Shots
1 2 3 T
Flames 3 9 9 21
Jets 19 5 8 32

1st period

1. Jets , Ben Lovejoy 3 (Rickard Rakell, Frans Nielsen) at 10:52
2. Jets , Ben Lovejoy 4 (Tobias Enstrom, Frans Nielsen) at 12:38 (PP)
3. Jets , Nick Holden 3 (Jamie Benn, Joe Pavelski) at 15:10
4. Jets , Rickard Rakell 14 (Frans Nielsen) at 17:35

Penalties :
Kevan Miller (CGY) for High sticking (Minor) at 4:29, Dustin Brown (CGY) for Tripping (Minor) at 11:44

2nd period

5. Flames , Peter Holland 3 (Gabriel Bourque, Dennis Wideman) at 11:34

Penalties :
Scott Mayfield (WPG) for Cross-checking (Minor) at 1:51, Kevan Miller (CGY) for Interference (Minor) at 6:16, Radko Gudas (WPG) for Hooking (Minor) at 13:51

3rd period

No Goal

Penalties :
Radko Gudas (WPG) for Hooking (Minor) at 11:59, Dustin Brown (CGY) for Holding (Minor) at 11:59, John Carlson (CGY) for Hooking (Minor) at 14:02, Hampus Lindholm (WPG) for Interference (Minor) at 16:31

Goalie Stats

Mike Smith (CGY), 14 saves from 14 shots - (1.000), 42:25 minutes
Andrei Vasilevskiy (CGY), 14 saves from 18 shots - (0.778), L, 4-2-0, 17:35 minutes
Cory Schneider (WPG), 20 saves from 21 shots - (0.952), W, 26-13-3, 60:00 minutes

Players Stats for Flames

Player Name              G  A  P  +/- PIM S  H  SB GA TA FO     MP     PP MP  PK MP  
------------------------------------------------------------------------------------
Alec Martinez            0  0  0  -1  0   2  2  2  0  0  0/0    24:10   3:42   4:14 
Andrew Miller            0  0  0  -1  0   0  0  0  0  0  0/3    12:33   0:00   0:00 
Antoine Vermette         0  0  0   0  0   2  0  0  0  0  13/21  19:27   2:44   1:27 
Brady Skjei              0  0  0   0  0   0  0  0  0  0  0/0     3:19   0:00   0:02 
Daniel Carr              0  0  0   0  0   0  0  0  0  0  0/0     4:01   0:00   0:00 
Dennis Wideman           0  1  1   1  0   0  0  4  0  0  0/0    15:33   0:00   3:30 
Devante Smith-Pelly      0  0  0   0  0   4  0  0  0  0  1/1    17:46   2:44   0:00 
Dustin Brown             0  0  0   0  4   0  1  0  0  0  0/0    17:44   2:44   0:00 
Gabriel Bourque          0  1  1  -1  0   2  3  0  0  0  1/2    12:33   0:00   0:00 
Jarome Iginla            0  0  0  -1  0   2  0  0  0  0  3/5    18:31   3:13   1:27 
Jarret Stoll             0  0  0   0  0   0  0  0  0  0  2/6     4:20   0:00   0:00 
John Carlson             0  0  0  -1  2   0  0  4  0  0  0/0    25:12   3:42   2:38 
Josh Gorges              0  0  0   1  0   0  2  2  0  0  0/0    14:40   0:00   2:37 
Justin Faulk             0  0  0  -2  0   1  0  0  0  0  0/0    18:12   2:15   0:00 
Kevan Miller             0  0  0  -2  4   0  0  5  0  0  0/0    18:51   2:15   0:41 
Kyle Palmieri            0  0  0  -1  0   5  2  2  0  0  0/3    23:33   3:13   5:24 
Mike Cammalleri          0  0  0  -1  0   1  0  0  0  0  18/35  27:05   3:13   5:24 
Peter Holland            1  0  1  -1  0   2  0  0  0  0  6/11   13:35   0:00   0:00 

Players Stats for Jets

Player Name              G  A  P  +/- PIM S  H  SB GA TA FO     MP     PP MP  PK MP  
------------------------------------------------------------------------------------
Adam Lowry               0  0  0   0  0   1  1  0  0  0  3/8     9:02   0:00   4:02 
Ben Lovejoy              2  0  2   2  0   2  2  0  0  0  0/0    20:55   2:57   2:43 
Boyd Gordon              0  0  0   0  0   0  0  0  0  0  3/5     8:52   0:00   3:52 
Brayden Schenn           0  0  0  -1  0   3  4  0  0  0  3/3    17:12   3:20   1:27 
Cam Atkinson             0  0  0  -1  0   1  0  0  0  0  1/1    17:22   3:20   0:28 
Frans Nielsen            0  3  3   2  0   1  0  1  0  0  7/18   15:40   3:20   0:28 
Hampus Lindholm          0  0  0  -1  2   0  3  1  0  0  0/0    24:07   3:21   2:11 
Jamie Benn               0  1  1   1  0   6  2  0  0  0  2/5    21:26   3:31   0:00 
Jaromir Jagr             0  0  0   1  0   3  0  0  0  0  1/1    20:36   3:31   0:00 
Jason Zucker             0  0  0   0  0   1  0  0  0  0  1/1     5:00   0:00   0:00 
Joe Colborne             0  0  0   2  0   2  0  0  0  0  0/1    10:43   0:00   0:00 
Joe Pavelski             0  1  1   1  0   3  2  0  0  0  18/33  21:26   3:31   0:00 
Nick Holden              1  0  1   2  0   1  1  3  0  0  0/0    24:45   3:54   3:14 
Radko Gudas              0  0  0   1  4   1  0  2  0  0  0/0    13:52   0:33   0:00 
Rickard Rakell           1  1  2   2  0   3  2  0  0  0  0/0    10:43   0:00   0:00 
Scott Mayfield           0  0  0   1  2   2  0  1  0  0  0/0    14:23   0:00   1:03 
Teemu Pulkkinen          0  0  0  -1  0   1  0  0  0  0  4/11   14:02   0:00   1:37 
Tobias Enstrom           0  1  1  -1  0   1  2  2  0  0  0/0    21:54   2:57   2:43 

3 Stars

1 - Ben Lovejoy (WPG)
2 - Rickard Rakell (WPG)
3 - Frans Nielsen (WPG)

Power Play

Flames - 0 on 3 Attempt(s) - 0.00%
Jets - 1 on 4 Attempt(s) - 25.00%

Penalty Kill

Flames - 3 on 4 Attempt(s) - 75.00% - Score 0 goal in Penalty Kill
Jets - 3 on 3 Attempt(s) - 100.00% - Score 0 goal in Penalty Kill

Team Stat

Flames - Hits : 10 - Faceoff Wins : 44 - Blocked Shots : 19 - Penalty Minutes : 10
Jets - Hits : 19 - Faceoff Wins : 43 - Blocked Shots : 10 - Penalty Minutes : 8

Official

Referees : Francois StLaurent and Justin StPierre
Linesman : Shane Heyer and Scott Cherrey

Game Notes

Mike Smith enters game at 17:35 of 1st period

Finance

Level 1 -- Attendance: 6000 (100.00%) -- Ticket Income $588,000
Level 2 -- Attendance: 4957 (99.14%) -- Ticket Income $381,689
Level 3 -- Attendance: 2190 (99.55%) -- Ticket Income $157,680
Level 4 -- Attendance: 1016 (100.00%) -- Ticket Income $67,056
Luxury Box -- Attendance: 713 (89.13%) -- Ticket Income $163,990
Game was played at the MTS Center.
Total Attendance: 14876 (99.07%)
Total Ticket Income: $1,358,415
Other Income: $203,762
Total Income: $1,562,177

% Time on Ice - Flames

Lines # - Real PCT - Wanted PCT - Time Play
Normal Forward
1 - 30% - 40% - 13:37
2 - 33% - 30% - 15:02
3 - 28% - 20% - 12:33
4 - 9% - 10% - 4:01
Normal Defense
1 - 34% - 40% - 15:22
2 - 33% - 30% - 14:50
3 - 27% - 20% - 12:03
4 - 7% - 10% - 2:58
PP Forward
1 - 54% - 60% - 3:13
2 - 46% - 40% - 2:44
PP Defense
1 - 62% - 60% - 3:42
2 - 38% - 40% - 2:15
PK Forward
1 - 79% - 60% - 5:24
2 - 21% - 40% - 1:27
PK Defense
1 - 62% - 60% - 4:14
2 - 38% - 40% - 2:37
PK3 Forward
1 - 0% - 60%
2 - 0% - 40%
PK3 Defense
1 - 0% - 60%
2 - 0% - 40%
44 Forward
1 - 88% - 60% - 1:45
2 - 12% - 40% - 0:14
44 Defense
1 - 44% - 60% - 0:52
2 - 56% - 40% - 1:07
Last Minute Offensive  - 0:00
Last Minute Defensive  - 0:00
Total
Forward - 60:00
Defense - 60:00

% Time on Ice - Jets

Lines # - Real PCT - Wanted PCT - Time Play
Normal Forward
1 - 38% - 37% - 17:05
2 - 27% - 30% - 12:25
3 - 24% - 21% - 10:43
4 - 11% - 12% - 5:00
Normal Defense
1 - 33% - 34% - 15:05
2 - 32% - 32% - 14:25
3 - 30% - 23% - 13:21
4 - 5% - 11% - 2:22
PP Forward
1 - 51% - 63% - 3:31
2 - 49% - 37% - 3:20
PP Defense
1 - 57% - 70% - 3:54
2 - 43% - 30% - 2:57
PK Forward
1 - 92% - 65% - 5:29
2 - 8% - 35% - 0:28
PK Defense
1 - 54% - 60% - 3:14
2 - 46% - 40% - 2:43
PK3 Forward
1 - 0% - 70%
2 - 0% - 30%
PK3 Defense
1 - 0% - 60%
2 - 0% - 40%
44 Forward
1 - 42% - 50% - 0:50
2 - 58% - 50% - 1:09
44 Defense
1 - 58% - 51% - 1:09
2 - 42% - 49% - 0:50
Last Minute Offensive  - 0:00
Last Minute Defensive  - 0:00
Total
Forward - 60:00
Defense - 60:00

Play by Play

1st period


0:01 of 1st period - Joe Pavelski wins face-off versus Mike Cammalleri in neutral zone.
0:13 of 1st period - Shot by Jamie Benn.
0:13 of 1st period - Stopped by Andrei Vasilevskiy without a rebound.
0:14 of 1st period - Brayden Schenn wins face-off versus Antoine Vermette in Flames zone.
0:29 of 1st period - Shot by Antoine Vermette.
0:29 of 1st period - Shot Misses the Net.
1:11 of 1st period - Shot by Frans Nielsen.
1:11 of 1st period - Stopped by Andrei Vasilevskiy without a rebound.
1:12 of 1st period - Joe Pavelski wins face-off versus Mike Cammalleri in Flames zone.
1:22 of 1st period - Hampus Lindholm is hit by Kyle Palmieri and loses puck.
1:40 of 1st period - Shot by Joe Pavelski.
1:40 of 1st period - Shot Misses the Net.
1:42 of 1st period - Shot by Jamie Benn.
1:42 of 1st period - Stopped by Andrei Vasilevskiy without a rebound.
1:43 of 1st period - Boyd Gordon wins face-off versus Peter Holland in Flames zone.
1:50 of 1st period - Shot by Adam Lowry.
1:50 of 1st period - Stopped by Andrei Vasilevskiy with a rebound.
1:52 of 1st period - Shot by Radko Gudas.
1:52 of 1st period - Stopped by Andrei Vasilevskiy with a rebound.
1:54 of 1st period - Shot by Scott Mayfield.
1:54 of 1st period - Stopped by Andrei Vasilevskiy without a rebound.
1:55 of 1st period - Mike Cammalleri wins face-off versus Frans Nielsen in Flames zone.
3:18 of 1st period - Shot by Jaromir Jagr.
3:18 of 1st period - Stopped by Andrei Vasilevskiy without a rebound.
3:19 of 1st period - Teemu Pulkkinen wins face-off versus Antoine Vermette in Flames zone.
3:24 of 1st period - Shot by Brayden Schenn.
3:24 of 1st period - Stopped by Andrei Vasilevskiy without a rebound.
3:25 of 1st period - Boyd Gordon wins face-off versus Antoine Vermette in Flames zone.
4:29 of 1st period - Minor Penalty to Kevan Miller for High sticking.
4:30 of 1st period - Joe Pavelski wins face-off versus Mike Cammalleri in Flames zone.
4:37 of 1st period - Shot by Jaromir Jagr.
4:37 of 1st period - Stopped by Andrei Vasilevskiy without a rebound.
4:38 of 1st period - Joe Pavelski wins face-off versus Mike Cammalleri in Flames zone.
5:16 of 1st period - Shot by Jamie Benn.
5:16 of 1st period - Shot Hit the Post.
5:18 of 1st period - Shot by Nick Holden.
5:18 of 1st period - Shot Blocked by John Carlson.
6:32 of 1st period - Shot by Adam Lowry.
6:32 of 1st period - Shot Blocked by Kevan Miller.
6:58 of 1st period - Shot by Adam Lowry.
6:58 of 1st period - Shot Misses the Net.
7:00 of 1st period - Shot by Jason Zucker.
7:00 of 1st period - Shot Blocked by Kevan Miller.
7:55 of 1st period - Shot by Devante Smith-Pelly.
7:55 of 1st period - Stopped by Cory Schneider without a rebound.
7:56 of 1st period - Joe Pavelski wins face-off versus Jarret Stoll in Jets zone.
8:00 of 1st period - Off-side.
8:01 of 1st period - Cam Atkinson wins face-off versus Mike Cammalleri in neutral zone.
8:34 of 1st period - Icing by John Carlson.
8:35 of 1st period - Mike Cammalleri wins face-off versus Joe Pavelski in Flames zone.
8:35 of 1st period - Mike Cammalleri is hit by Jamie Benn.
9:38 of 1st period - Icing by Josh Gorges.
9:39 of 1st period - Antoine Vermette wins face-off versus Teemu Pulkkinen in Flames zone.
9:39 of 1st period - Antoine Vermette is hit by Brayden Schenn.
9:58 of 1st period - Shot by Dustin Brown.
9:58 of 1st period - Shot Misses the Net.
10:38 of 1st period - Shot by Frans Nielsen.
10:38 of 1st period - Shot Misses the Net.
10:44 of 1st period - Shot by Rickard Rakell.
10:44 of 1st period - Shot Misses the Net.
10:50 of 1st period - Shot by Rickard Rakell.
10:50 of 1st period - Stopped by Andrei Vasilevskiy with a rebound.
10:52 of 1st period - Shot by Ben Lovejoy.
10:52 of 1st period - Goal by Ben Lovejoy - Flames : 0 - Jets : 1.
10:53 of 1st period - Jason Zucker wins face-off versus Mike Cammalleri in neutral zone.
11:07 of 1st period - Jason Zucker is hit by Alec Martinez.
11:09 of 1st period - Shot by Adam Lowry.
11:09 of 1st period - Shot Misses the Net.
11:11 of 1st period - Shot by Jason Zucker.
11:11 of 1st period - Shot Misses the Net.
11:19 of 1st period - Shot by Kyle Palmieri.
11:19 of 1st period - Shot Blocked by Radko Gudas.
11:35 of 1st period - Shot by Kyle Palmieri.
11:35 of 1st period - Stopped by Cory Schneider without a rebound.
11:36 of 1st period - Antoine Vermette wins face-off versus Jamie Benn in Jets zone.
11:36 of 1st period - Dennis Wideman is hit by Nick Holden and loses puck.
11:44 of 1st period - Minor Penalty to Dustin Brown for Tripping.
11:45 of 1st period - Joe Pavelski wins face-off versus Mike Cammalleri in Flames zone.
12:04 of 1st period - Shot by Jamie Benn.
12:04 of 1st period - Deflect By Jaromir Jagr.
12:04 of 1st period - Stopped by Andrei Vasilevskiy with a rebound.
12:06 of 1st period - Shot by Joe Pavelski.
12:06 of 1st period - Stopped by Andrei Vasilevskiy without a rebound.
12:07 of 1st period - Jarome Iginla wins face-off versus Frans Nielsen in Flames zone.
12:28 of 1st period - Shot by Frans Nielsen.
12:28 of 1st period - Shot Blocked by Kyle Palmieri.
12:30 of 1st period - Shot by Tobias Enstrom.
12:30 of 1st period - Shot Hit the Post.
12:32 of 1st period - Shot by Frans Nielsen.
12:32 of 1st period - Shot Misses the Net.
12:34 of 1st period - Shot by Tobias Enstrom.
12:34 of 1st period - Shot Blocked by John Carlson.
12:36 of 1st period - Shot by Ben Lovejoy.
12:36 of 1st period - Shot Hit the Post.
12:38 of 1st period - Shot by Ben Lovejoy.
12:38 of 1st period - Goal by Ben Lovejoy - Flames : 0 - Jets : 2.
12:39 of 1st period - Antoine Vermette wins face-off versus Joe Pavelski in neutral zone.
12:42 of 1st period - Shot by Devante Smith-Pelly.
12:42 of 1st period - Shot Blocked by Nick Holden.
12:45 of 1st period - Icing by Joe Pavelski.
12:46 of 1st period - Antoine Vermette wins face-off versus Joe Pavelski in Jets zone.
12:55 of 1st period - Shot by Devante Smith-Pelly.
12:55 of 1st period - Shot Misses the Net.
13:23 of 1st period - Shot by Jamie Benn.
13:23 of 1st period - Shot Blocked by Josh Gorges.
13:31 of 1st period - Shot by Jamie Benn.
13:31 of 1st period - Shot Misses the Net.
14:28 of 1st period - Alec Martinez is hit by Tobias Enstrom.
14:38 of 1st period - Shot by Jarome Iginla.
14:38 of 1st period - Shot Blocked by Tobias Enstrom.
14:43 of 1st period - Kyle Palmieri is hit by Hampus Lindholm.
14:58 of 1st period - Off-side.
14:59 of 1st period - Joe Pavelski wins face-off versus Peter Holland in neutral zone.
15:06 of 1st period - Icing by Justin Faulk.
15:07 of 1st period - Joe Pavelski wins face-off versus Andrew Miller in Flames zone.
15:08 of 1st period - Shot by Jamie Benn.
15:08 of 1st period - Stopped by Andrei Vasilevskiy with a rebound.
15:10 of 1st period - Shot by Nick Holden.
15:10 of 1st period - Goal by Nick Holden - Flames : 0 - Jets : 3.
15:11 of 1st period - Peter Holland wins face-off versus Joe Pavelski in neutral zone.
15:14 of 1st period - Jamie Benn is hit by Gabriel Bourque and loses puck.
15:31 of 1st period - Shot by Peter Holland.
15:31 of 1st period - Stopped by Cory Schneider without a rebound.
15:32 of 1st period - Mike Cammalleri wins face-off versus Teemu Pulkkinen in Jets zone.
15:45 of 1st period - Alec Martinez is hit by Brayden Schenn and loses puck.
16:29 of 1st period - Icing by Hampus Lindholm.
16:30 of 1st period - Brayden Schenn wins face-off versus Andrew Miller in Jets zone.
16:40 of 1st period - Icing by Cam Atkinson.
16:41 of 1st period - Teemu Pulkkinen wins face-off versus Antoine Vermette in Jets zone.
16:56 of 1st period - Shot by Jamie Benn.
16:56 of 1st period - Deflect By Joe Pavelski.
16:56 of 1st period - Shot Misses the Net.
17:03 of 1st period - Joe Pavelski is hit by Josh Gorges and loses puck.
17:27 of 1st period - Shot by Jamie Benn.
17:27 of 1st period - Stopped by Andrei Vasilevskiy without a rebound.
17:28 of 1st period - Frans Nielsen wins face-off versus Jarome Iginla in Flames zone.
17:33 of 1st period - Shot by Rickard Rakell.
17:33 of 1st period - Shot Misses the Net.
17:35 of 1st period - Shot by Rickard Rakell.
17:35 of 1st period - Goal by Rickard Rakell - Flames : 0 - Jets : 4.
17:35 of 1st period - Mike Smith enters game.
17:36 of 1st period - Frans Nielsen wins face-off versus Mike Cammalleri in neutral zone.
17:51 of 1st period - Shot by Frans Nielsen.
17:51 of 1st period - Shot Misses the Net.
18:13 of 1st period - Shot by Scott Mayfield.
18:13 of 1st period - Stopped by Mike Smith with a rebound.
18:17 of 1st period - Shot by Rickard Rakell.
18:17 of 1st period - Shot Blocked by Kyle Palmieri.
18:50 of 1st period - Shot by Gabriel Bourque.
18:50 of 1st period - Shot Misses the Net.
18:52 of 1st period - Shot by Peter Holland.
18:52 of 1st period - Shot Misses the Net.
19:02 of 1st period - Shot by Peter Holland.
19:02 of 1st period - Shot Misses the Net.
19:15 of 1st period - Icing by Gabriel Bourque.
19:16 of 1st period - Teemu Pulkkinen wins face-off versus Peter Holland in Flames zone.
19:49 of 1st period - Shot by Antoine Vermette.
19:49 of 1st period - Shot Misses the Net.
Goals for this period are 0 for Flames vs 4 for Jets.
Shots for this period are 3 for Flames vs 19 for Jets.

2nd period


0:01 of 2nd period - Joe Pavelski wins face-off versus Mike Cammalleri in neutral zone.
0:05 of 2nd period - Off-side.
0:06 of 2nd period - Mike Cammalleri wins face-off versus Joe Pavelski in neutral zone.
0:06 of 2nd period - Kyle Palmieri is hit by Jamie Benn.
0:41 of 2nd period - Icing by Alec Martinez.
0:42 of 2nd period - Mike Cammalleri wins face-off versus Teemu Pulkkinen in Flames zone.
1:24 of 2nd period - Shot by Devante Smith-Pelly.
1:24 of 2nd period - Shot Misses the Net.
1:51 of 2nd period - Minor Penalty to Scott Mayfield for Cross-checking.
1:52 of 2nd period - Mike Cammalleri wins face-off versus Adam Lowry in Jets zone.
2:47 of 2nd period - Shot by Antoine Vermette.
2:47 of 2nd period - Deflect By Devante Smith-Pelly.
2:47 of 2nd period - Stopped by Cory Schneider without a rebound.
2:48 of 2nd period - Brayden Schenn wins face-off versus Mike Cammalleri in Jets zone.
3:35 of 2nd period - Shot by Antoine Vermette.
3:35 of 2nd period - Stopped by Cory Schneider without a rebound.
3:36 of 2nd period - Adam Lowry wins face-off versus Antoine Vermette in Jets zone.
4:16 of 2nd period - Shot by Peter Holland.
4:16 of 2nd period - Shot Blocked by Radko Gudas.
4:22 of 2nd period - Shot by Gabriel Bourque.
4:22 of 2nd period - Stopped by Cory Schneider without a rebound.
4:23 of 2nd period - Jarret Stoll wins face-off versus Frans Nielsen in Jets zone.
5:27 of 2nd period - Shot by Antoine Vermette.
5:27 of 2nd period - Stopped by Cory Schneider without a rebound.
5:28 of 2nd period - Peter Holland wins face-off versus Joe Pavelski in Jets zone.
5:35 of 2nd period - Jaromir Jagr is hit by Gabriel Bourque.
5:48 of 2nd period - Icing by Hampus Lindholm.
5:49 of 2nd period - Antoine Vermette wins face-off versus Joe Pavelski in Jets zone.
6:16 of 2nd period - Minor Penalty to Kevan Miller for Interference.
6:17 of 2nd period - Frans Nielsen wins face-off versus Mike Cammalleri in Flames zone.
6:38 of 2nd period - Shot by Frans Nielsen.
6:38 of 2nd period - Shot Misses the Net.
6:40 of 2nd period - Shot by Cam Atkinson.
6:40 of 2nd period - Shot Misses the Net.
6:50 of 2nd period - Shot by Hampus Lindholm.
6:50 of 2nd period - Shot Misses the Net.
8:35 of 2nd period - Shot by Adam Lowry.
8:35 of 2nd period - Shot Blocked by Kevan Miller.
8:37 of 2nd period - Shot by Adam Lowry.
8:37 of 2nd period - Deflect By Jason Zucker.
8:37 of 2nd period - Shot Misses the Net.
8:52 of 2nd period - Icing by Kevan Miller.
8:53 of 2nd period - Peter Holland wins face-off versus Joe Colborne in Flames zone.
9:07 of 2nd period - Icing by Hampus Lindholm.
9:08 of 2nd period - Antoine Vermette wins face-off versus Frans Nielsen in Jets zone.
9:15 of 2nd period - Shot by Devante Smith-Pelly.
9:15 of 2nd period - Shot Misses the Net.
9:29 of 2nd period - Shot by Joe Colborne.
9:29 of 2nd period - Stopped by Mike Smith without a rebound.
9:30 of 2nd period - Joe Pavelski wins face-off versus Jarret Stoll in Flames zone.
9:31 of 2nd period - Shot by Jamie Benn.
9:31 of 2nd period - Shot Misses the Net.
9:38 of 2nd period - Icing by John Carlson.
9:39 of 2nd period - Jarret Stoll wins face-off versus Joe Pavelski in Flames zone.
11:34 of 2nd period - Shot by Peter Holland.
11:34 of 2nd period - Goal by Peter Holland - Flames : 1 - Jets : 4.
11:35 of 2nd period - Frans Nielsen wins face-off versus Mike Cammalleri in neutral zone.
11:59 of 2nd period - Icing by Frans Nielsen.
12:00 of 2nd period - Peter Holland wins face-off versus Frans Nielsen in Jets zone.
12:31 of 2nd period - Shot by Peter Holland.
12:31 of 2nd period - Deflect By Gabriel Bourque.
12:31 of 2nd period - Stopped by Cory Schneider without a rebound.
12:32 of 2nd period - Jarome Iginla wins face-off versus Teemu Pulkkinen in Jets zone.
13:14 of 2nd period - Shot by Brayden Schenn.
13:14 of 2nd period - Stopped by Mike Smith without a rebound.
13:15 of 2nd period - Antoine Vermette wins face-off versus Joe Pavelski in Flames zone.
13:35 of 2nd period - Shot by Joe Pavelski.
13:35 of 2nd period - Stopped by Mike Smith without a rebound.
13:36 of 2nd period - Gabriel Bourque wins face-off versus Boyd Gordon in Flames zone.
13:36 of 2nd period - Gabriel Bourque is hit by Adam Lowry.
13:45 of 2nd period - Boyd Gordon is hit by Gabriel Bourque and loses puck.
13:51 of 2nd period - Minor Penalty to Radko Gudas for Hooking.
13:52 of 2nd period - Adam Lowry wins face-off versus Mike Cammalleri in Jets zone.
14:05 of 2nd period - Shot by Alec Martinez.
14:05 of 2nd period - Stopped by Cory Schneider without a rebound.
14:06 of 2nd period - Antoine Vermette wins face-off versus Adam Lowry in Jets zone.
14:21 of 2nd period - Shot by Dustin Brown.
14:21 of 2nd period - Shot Misses the Net.
14:23 of 2nd period - Shot by Devante Smith-Pelly.
14:23 of 2nd period - Shot Blocked by Nick Holden.
14:25 of 2nd period - Shot by Alec Martinez.
14:25 of 2nd period - Shot Misses the Net.
15:46 of 2nd period - Shot by Jarome Iginla.
15:46 of 2nd period - Stopped by Cory Schneider without a rebound.
15:47 of 2nd period - Mike Cammalleri wins face-off versus Adam Lowry in Jets zone.
16:04 of 2nd period - Shot by Jamie Benn.
16:04 of 2nd period - Stopped by Mike Smith with a rebound.
16:32 of 2nd period - Icing by Scott Mayfield.
16:33 of 2nd period - Mike Cammalleri wins face-off versus Jamie Benn in Jets zone.
16:43 of 2nd period - Icing by Radko Gudas.
16:44 of 2nd period - Joe Pavelski wins face-off versus Mike Cammalleri in Jets zone.
17:15 of 2nd period - Shot by Mike Cammalleri.
17:15 of 2nd period - Shot Hit the Post.
17:39 of 2nd period - Shot by Brayden Schenn.
17:39 of 2nd period - Stopped by Mike Smith without a rebound.
17:40 of 2nd period - Antoine Vermette wins face-off versus Frans Nielsen in Flames zone.
17:42 of 2nd period - Justin Faulk is hit by Rickard Rakell and loses puck.
17:58 of 2nd period - Off-side.
17:59 of 2nd period - Peter Holland wins face-off versus Joe Pavelski in neutral zone.
18:24 of 2nd period - Shot by Jamie Benn.
18:24 of 2nd period - Shot Misses the Net.
19:14 of 2nd period - Shot by Mike Cammalleri.
19:14 of 2nd period - Shot Hit the Post.
19:29 of 2nd period - Shot by Kyle Palmieri.
19:29 of 2nd period - Deflect By Mike Cammalleri.
19:29 of 2nd period - Stopped by Cory Schneider without a rebound.
19:30 of 2nd period - Antoine Vermette wins face-off versus Frans Nielsen in Jets zone.
Goals for this period are 1 for Flames vs 0 for Jets.
Shots for this period are 9 for Flames vs 5 for Jets.

3rd period


0:01 of 3rd period - Joe Pavelski wins face-off versus Kyle Palmieri in neutral zone.
0:10 of 3rd period - Shot by Joe Pavelski.
0:10 of 3rd period - Deflect By Jaromir Jagr.
0:10 of 3rd period - Shot Misses the Net.
0:26 of 3rd period - Shot by Joe Pavelski.
0:26 of 3rd period - Stopped by Mike Smith without a rebound.
0:27 of 3rd period - Devante Smith-Pelly wins face-off versus Teemu Pulkkinen in Flames zone.
0:27 of 3rd period - Devante Smith-Pelly is hit by Brayden Schenn.
0:43 of 3rd period - Nick Holden is hit by Dustin Brown and loses puck.
1:44 of 3rd period - Shot by Kyle Palmieri.
1:44 of 3rd period - Stopped by Cory Schneider without a rebound.
1:45 of 3rd period - Jaromir Jagr wins face-off versus Gabriel Bourque in Jets zone.
2:02 of 3rd period - Josh Gorges is hit by Hampus Lindholm and loses puck.
2:06 of 3rd period - Icing by Joe Pavelski.
2:07 of 3rd period - Mike Cammalleri wins face-off versus Joe Pavelski in Jets zone.
2:29 of 3rd period - Shot by Jaromir Jagr.
2:29 of 3rd period - Shot Blocked by Alec Martinez.
2:37 of 3rd period - Shot by Jamie Benn.
2:37 of 3rd period - Shot Blocked by Alec Martinez.
2:39 of 3rd period - Shot by Jamie Benn.
2:39 of 3rd period - Shot Misses the Net.
2:41 of 3rd period - Shot by Tobias Enstrom.
2:41 of 3rd period - Shot Blocked by John Carlson.
3:15 of 3rd period - Jason Zucker is hit by Alec Martinez and loses puck.
3:22 of 3rd period - Shot by Adam Lowry.
3:22 of 3rd period - Deflect By Jason Zucker.
3:22 of 3rd period - Stopped by Mike Smith without a rebound.
3:23 of 3rd period - Frans Nielsen wins face-off versus Antoine Vermette in Flames zone.
3:53 of 3rd period - Shot by Frans Nielsen.
3:53 of 3rd period - Shot Misses the Net.
4:03 of 3rd period - Shot by Rickard Rakell.
4:03 of 3rd period - Stopped by Mike Smith without a rebound.
4:04 of 3rd period - Joe Pavelski wins face-off versus Andrew Miller in Flames zone.
4:14 of 3rd period - Icing by Dennis Wideman.
4:15 of 3rd period - Teemu Pulkkinen wins face-off versus Peter Holland in Flames zone.
4:58 of 3rd period - Cam Atkinson is hit by Josh Gorges and loses puck.
5:37 of 3rd period - Shot by Joe Pavelski.
5:37 of 3rd period - Shot Blocked by Dennis Wideman.
5:39 of 3rd period - Shot by Jaromir Jagr.
5:39 of 3rd period - Shot Blocked by Dennis Wideman.
5:41 of 3rd period - Shot by Jaromir Jagr.
5:41 of 3rd period - Shot Blocked by Dennis Wideman.
5:49 of 3rd period - Shot by Jaromir Jagr.
5:49 of 3rd period - Shot Misses the Net.
6:03 of 3rd period - Andrew Miller is hit by Rickard Rakell and loses puck.
6:32 of 3rd period - Shot by Rickard Rakell.
6:32 of 3rd period - Shot Misses the Net.
6:34 of 3rd period - Shot by Joe Colborne.
6:34 of 3rd period - Shot Misses the Net.
6:36 of 3rd period - Shot by Rickard Rakell.
6:36 of 3rd period - Shot Blocked by Josh Gorges.
6:47 of 3rd period - Off-side.
6:48 of 3rd period - Mike Cammalleri wins face-off versus Teemu Pulkkinen in neutral zone.
6:48 of 3rd period - Mike Cammalleri is hit by Brayden Schenn.
7:20 of 3rd period - Shot by Brayden Schenn.
7:20 of 3rd period - Shot Misses the Net.
7:27 of 3rd period - Shot by Brayden Schenn.
7:27 of 3rd period - Shot Misses the Net.
7:29 of 3rd period - Shot by Brayden Schenn.
7:29 of 3rd period - Shot Misses the Net.
7:31 of 3rd period - Shot by Cam Atkinson.
7:31 of 3rd period - Shot Blocked by John Carlson.
7:53 of 3rd period - Shot by Devante Smith-Pelly.
7:53 of 3rd period - Stopped by Cory Schneider with a rebound.
7:58 of 3rd period - Antoine Vermette is hit by Ben Lovejoy and loses puck.
8:15 of 3rd period - Shot by Devante Smith-Pelly.
8:15 of 3rd period - Stopped by Cory Schneider without a rebound.
8:16 of 3rd period - Boyd Gordon wins face-off versus Jarret Stoll in Jets zone.
9:32 of 3rd period - Shot by Frans Nielsen.
9:32 of 3rd period - Shot Blocked by Kevan Miller.
9:52 of 3rd period - Shot by Antoine Vermette.
9:52 of 3rd period - Shot Misses the Net.
10:17 of 3rd period - Shot by Kyle Palmieri.
10:17 of 3rd period - Stopped by Cory Schneider without a rebound.
10:18 of 3rd period - Joe Pavelski wins face-off versus Mike Cammalleri in Jets zone.
10:22 of 3rd period - Icing by Jaromir Jagr.
10:23 of 3rd period - Mike Cammalleri wins face-off versus Joe Pavelski in Jets zone.
10:23 of 3rd period - Kyle Palmieri is hit by Ben Lovejoy and loses puck.
10:26 of 3rd period - Shot by Jarome Iginla.
10:26 of 3rd period - Shot Misses the Net.
11:00 of 3rd period - Jarome Iginla is hit by Joe Pavelski and loses puck.
11:16 of 3rd period - Icing by Ben Lovejoy.
11:17 of 3rd period - Antoine Vermette wins face-off versus Jamie Benn in Jets zone.
11:59 of 3rd period - Minor Penalty to Radko Gudas for Hooking.
11:59 of 3rd period - Minor Penalty to Dustin Brown for Holding.
12:00 of 3rd period - Mike Cammalleri wins face-off versus Frans Nielsen in Jets zone.
12:00 of 3rd period - Kyle Palmieri is hit by Hampus Lindholm.
12:05 of 3rd period - Mike Cammalleri is hit by Tobias Enstrom and loses puck.
12:14 of 3rd period - Shot by Kyle Palmieri.
12:14 of 3rd period - Shot Blocked by Hampus Lindholm.
12:18 of 3rd period - Shot by Mike Cammalleri.
12:18 of 3rd period - Deflect By Kyle Palmieri.
12:18 of 3rd period - Shot Blocked by Frans Nielsen.
12:20 of 3rd period - Shot by Kyle Palmieri.
12:20 of 3rd period - Deflect By Mike Cammalleri.
12:20 of 3rd period - Shot Misses the Net.
12:24 of 3rd period - Shot by Mike Cammalleri.
12:24 of 3rd period - Shot Blocked by Tobias Enstrom.
12:26 of 3rd period - Shot by Kyle Palmieri.
12:26 of 3rd period - Stopped by Cory Schneider without a rebound.
12:27 of 3rd period - Joe Pavelski wins face-off versus Peter Holland in Jets zone.
12:27 of 3rd period - Jamie Benn is hit by Kyle Palmieri and loses puck.
12:36 of 3rd period - Kyle Palmieri is hit by Joe Pavelski and loses puck.
13:02 of 3rd period - Icing by Nick Holden.
13:03 of 3rd period - Jarome Iginla wins face-off versus Joe Pavelski in Jets zone.
13:08 of 3rd period - Shot by Kevan Miller.
13:08 of 3rd period - Deflect By Antoine Vermette.
13:08 of 3rd period - Shot Misses the Net.
13:16 of 3rd period - Shot by Jarome Iginla.
13:16 of 3rd period - Stopped by Cory Schneider without a rebound.
13:17 of 3rd period - Mike Cammalleri wins face-off versus Frans Nielsen in Jets zone.
13:32 of 3rd period - Shot by Cam Atkinson.
13:32 of 3rd period - Stopped by Mike Smith without a rebound.
13:33 of 3rd period - Mike Cammalleri wins face-off versus Frans Nielsen in Flames zone.
13:35 of 3rd period - Icing by Justin Faulk.
13:36 of 3rd period - Mike Cammalleri wins face-off versus Frans Nielsen in Flames zone.
14:02 of 3rd period - Minor Penalty to John Carlson for Hooking.
14:03 of 3rd period - Joe Pavelski wins face-off versus Kyle Palmieri in Flames zone.
14:13 of 3rd period - Icing by Nick Holden.
14:14 of 3rd period - Mike Cammalleri wins face-off versus Joe Pavelski in Jets zone.
14:17 of 3rd period - Shot by Kyle Palmieri.
14:17 of 3rd period - Stopped by Cory Schneider with a rebound.
14:19 of 3rd period - Shot by Kyle Palmieri.
14:19 of 3rd period - Shot Blocked by Nick Holden.
14:21 of 3rd period - Shot by Alec Martinez.
14:21 of 3rd period - Stopped by Cory Schneider without a rebound.
14:22 of 3rd period - Mike Cammalleri wins face-off versus Joe Pavelski in Jets zone.
14:28 of 3rd period - Icing by Jamie Benn.
14:29 of 3rd period - Jamie Benn wins face-off versus Mike Cammalleri in Jets zone.
14:48 of 3rd period - Icing by Hampus Lindholm.
14:49 of 3rd period - Joe Pavelski wins face-off versus Kyle Palmieri in Jets zone.
15:02 of 3rd period - Shot by Jaromir Jagr.
15:02 of 3rd period - Shot Blocked by Kevan Miller.
15:12 of 3rd period - Shot by Jamie Benn.
15:12 of 3rd period - Stopped by Mike Smith without a rebound.
15:13 of 3rd period - Frans Nielsen wins face-off versus Jarome Iginla in Flames zone.
15:30 of 3rd period - Shot by Cam Atkinson.
15:30 of 3rd period - Shot Blocked by Dennis Wideman.
16:04 of 3rd period - Icing by Dennis Wideman.
16:05 of 3rd period - Joe Pavelski wins face-off versus Antoine Vermette in Flames zone.
16:31 of 3rd period - Minor Penalty to Hampus Lindholm for Interference.
16:32 of 3rd period - Antoine Vermette wins face-off versus Boyd Gordon in Jets zone.
16:33 of 3rd period - Shot by Justin Faulk.
16:33 of 3rd period - Stopped by Cory Schneider without a rebound.
16:34 of 3rd period - Antoine Vermette wins face-off versus Adam Lowry in Jets zone.
16:41 of 3rd period - Shot by Antoine Vermette.
16:41 of 3rd period - Shot Blocked by Scott Mayfield.
17:04 of 3rd period - Off-side.
17:05 of 3rd period - Mike Cammalleri wins face-off versus Adam Lowry in neutral zone.
18:07 of 3rd period - Icing by Mike Cammalleri.
18:08 of 3rd period - Adam Lowry wins face-off versus Mike Cammalleri in Flames zone.
18:09 of 3rd period - Shot by Boyd Gordon.
18:09 of 3rd period - Shot Misses the Net.
18:44 of 3rd period - Icing by Tobias Enstrom.
18:45 of 3rd period - Jamie Benn wins face-off versus Antoine Vermette in Jets zone.
19:04 of 3rd period - Shot by Jaromir Jagr.
19:04 of 3rd period - Shot Misses the Net.
19:18 of 3rd period - Shot by Jamie Benn.
19:18 of 3rd period - Shot Misses the Net.
19:20 of 3rd period - Shot by Tobias Enstrom.
19:20 of 3rd period - Stopped by Mike Smith without a rebound.
19:21 of 3rd period - Peter Holland wins face-off versus Teemu Pulkkinen in Flames zone.
19:28 of 3rd period - Shot by Brayden Schenn.
19:28 of 3rd period - Shot Misses the Net.
19:30 of 3rd period - Shot by Teemu Pulkkinen.
19:30 of 3rd period - Stopped by Mike Smith without a rebound.
19:31 of 3rd period - Frans Nielsen wins face-off versus Jarret Stoll in Flames zone.
19:38 of 3rd period - Shot by Joe Colborne.
19:38 of 3rd period - Stopped by Mike Smith with a rebound.
Goals for this period are 0 for Flames vs 0 for Jets.
Shots for this period are 9 for Flames vs 8 for Jets.